 Dungeon Crawl Stone Soup version 0.23.2-1-ga50397a (webtiles) character file.

Game seed: 2575382051989061777

324 FritoBuggens the Slinger (level 6, -4/39 HPs)
             Began as a Halfling Hunter on May 6, 2019.
             Slain by Pikel
             ... wielding a +1 whip of electrocution
              (17 damage)
             ... on level 3 of the Dungeon.
             The game lasted 00:12:44 (4096 turns).

FritoBuggens the Slinger (Halfling Hunter)          Turns: 4096, Time: 00:12:44

Health: -4/39      AC:  7    Str: 15    XL:     6   Next: 77%
Magic:  6/6        EV: 14    Int:  9    God:
Gold:   165        SH:  0    Dex: 15    Spells: 5/5 levels left

rFire    . . .     SeeInvis +   a - +1 hunting sling
rCold    . . .     Gourm    +   (shield restricted)
rNeg     . . .     Faith    .   e - +0 leather armour
rPois    +         Spirit   .   q - +2 helmet
rElec    .         Reflect  .   (no cloak)
rCorr    .         Harm     .   g - +0 pair of gloves
MR       .....                  (no boots)
Stlth    ++........             i - amulet of the gourmand
HPRegen  0.13/turn              v - ring of see invisible
MPRegen  0.10/turn              t - ring of poison resistance

@: no status effects
A: small, mutation resistance 1
a: no special abilities


You were on level 3 of the Dungeon.
You were very full.

You visited 1 branch of the dungeon, and saw 4 of its levels.

You collected 165 gold pieces.

Inventory:

Hand Weapons
 a - a +1 hunting sling (weapon)
 b - a +0 short sword
Missiles
 c - 21 sling bullets
 d - 65 stones (quivered)
Armour
 e - a +0 leather armour (worn)
 g - a +0 pair of gloves (worn)
 q - a +2 helmet (worn)
 u - a +0 plate armour
Jewellery
 i - an amulet of the gourmand (around neck)
 t - a ring of poison resistance (right hand)
 v - a ring of see invisible (left hand)
Scrolls
 j - a scroll of random uselessness {unknown}
 o - 3 scrolls of enchant armour {unknown}
 p - a scroll of remove curse
 r - a scroll of blinking {unknown}
 s - 2 scrolls of fog {unknown}
Potions
 h - 4 potions of flight {unknown}
 k - 2 potions of haste {unknown}
 l - a potion of mutation {unknown}
 m - a potion of heal wounds {unknown}
 n - a potion of degeneration {unknown}
Comestibles
 f - 8 rations


   Skills:
 - Level 1.7 Fighting
 + Level 10.7 Slings
 - Level 2.1 Dodging
 - Level 1.1 Stealth


You had 5 spell levels left.
You didn't know any spells.
Your spell library contained the following spells:

 Spells                   Type           Power        Failure   Level  Hunger
 Corona                   Hex            #......      45%         1    ##.....
 Ensorcelled Hibernation  Hex/Ice        #.....       58%         2    ###....
 Confuse                  Hex            #.......     83%         3    ####...
 Dazzling Spray           Conj/Hex       #.....       83%         3    ####...
 Tukima's Dance           Hex            #.......     83%         3    ####...


Dungeon Overview and Level Annotations

Branches:
Dungeon (4/15)
 Temple: D:4-7

Altars:
Sif Muna

Annotations:
D:3 Pikel
D:4 Ijyb


Innate Abilities, Weirdness & Mutations

You are small and have problems with some larger weapons.
You are somewhat resistant to further mutation.


Message History

Really attack while wielding your +1 hunting sling? [Y]es or [N]o only, please.
Really attack while wielding your +1 hunting sling?
Okay, then.
Pikel hits you with a +1 whip of electrocution.
There is a stone staircase leading up here.
Pikel hits you with a +1 whip of electrocution.
You are electrocuted!!
* * * LOW HITPOINT WARNING * * *
You climb upwards.
There is a stone staircase leading down here.
Unknown command.
You see here a +0 animal skin.
You see here a +0 club.
Things that are here:
a +0 leather armour; a cursed +0 leather armour Pikel scowls and wipes his hands on his robe.
Pikel hits you with a +1 whip of electrocution.
You are electrocuted!
You die...

#.####.#### ###
#.##.######## #.#
#.# #.##..)......
#.# #.# ###
#.#####...... ##.#
#.# #.# #.#
#....#. ...# #.#
#.# #.# #......
...# #.# #.# #.#
###..#. ...#
#.########.####.#
#.... ...#
#.##.......K....#
##### ...#
#.##.#####@######
...# #.##.# #.#
...# #.##.# #.#
#### #.##.#####.#
# #.........)#
#### ####.....#.#
...# #####.#.#
##.# #.#.#
##.###########.#.#


You could see Pikel.

Vanquished Creatures
  4 slaves (D:3)
  3 orc wizards
  A worker ant (D:4)
  Robin (D:3)
  4 gnolls (D:3)
  5 adders
  An ooze (D:2)
  A worm (D:3)
  3 dart slugs
  2 leopard geckos
  8 orcs
  13 bats
  4 giant cockroaches
  12 goblins
  17 hobgoblins
  2 jackals (D:2)
  8 kobolds
  2 quokkas
  5 frilled lizards
  6 rats
102 creatures vanquished.

Notes
Turn   | Place    | Note
-------+----------+-------------------------------------------
     0 | D:1      | FritoBuggens the Halfling Hunter began the quest for the
                  | Orb.
     0 | D:1      | Reached XP level 1. HP: 14/14 MP: 1/1
    26 | D:1      | Reached skill level 6 in Slings
    51 | D:1      | Reached XP level 2. HP: 19/19 MP: 2/2
   368 | D:1      | Reached skill level 7 in Slings
   368 | D:1      | Reached XP level 3. HP: 24/24 MP: 3/3
   836 | D:2      | Reached XP level 4. HP: 29/29 MP: 4/4
  1122 | D:2      | Reached skill level 8 in Slings
  1766 | D:3      | Reached XP level 5. HP: 34/34 MP: 5/5
  1933 | D:3      | Reached skill level 9 in Slings
  2241 | D:3      | Found a deep blue altar of Sif Muna.
  2312 | D:3      | Reached XP level 6. HP: 39/39 MP: 6/6
  2322 | D:3      | Reached skill level 10 in Slings
  2463 | D:3      | Noticed Robin
  2493 | D:3      | Killed Robin
  3019 | D:4      | Noticed a slave
  3019 | D:4      | Noticed a slave
  3019 | D:4      | Noticed Pikel
  3021 | D:4      | Noticed a slave
  3059 | D:3      | Killed a slave
  3120 | D:4      | Noticed a slave
  3347 | D:3      | Killed a slave
  3523 | D:3      | Killed a slave
  3685 | D:4      | Noticed Ijyb
  3703 | D:3      | Killed a slave
  4096 | D:3      | Slain by Pikel

Skill      XL: |  1  2  3  4  5  6 |
---------------+-------------------+-----
Slings         | 6 7 8 9 10 | 10.7
Fighting       | |  1.7
Dodging        | |  2.1
Stealth        | |  1.1

Action                   |  1- 3 |  4- 6 || total
-------------------------+-------+-------++-------
 Fire: Hunting sling     |    79 |   311 ||   390
  Use: Scroll            |     1 |       ||     1
  Eat: Chunk             |       |    17 ||    17
Armor: Leather armour    |     5 |    24 ||    29
Dodge: Dodged            |    10 |    84 ||    94
